 Dungeon Crawl Stone Soup version 0.24.0-123-gd5b16e6ec5 (webtiles) character file.

Game seed: 15810827189236315976, levelgen mode: deterministic

227 Mesmaeker13 the Insei (level 6, -10/38 HPs)
             Began as an Octopode Transmuter on Jan 6, 2020.
             Blown up by Ijyb (24 damage)
             ... with a disintegration bolt
             ... on level 4 of the Dungeon.
             The game lasted 00:07:54 (4807 turns).

Mesmaeker13 the Insei (Octopode Transmuter)         Turns: 4807, Time: 00:07:54

Health: -10/38     AC:  2    Str: 10    XL:     6   Next: 2%
Magic:  4/9        EV: 21    Int: 17    God:
Gold:   119        SH:  0    Dex: 17    Spells: 3/9 levels left

rFire    . . .     SeeInvis .     - Unarmed
rCold    . . .     Gourm    +   (shield currently unavailable)
rNeg     . . .     Faith    .   (helmet currently unavailable)
rPois    x         Spirit   .   k - amulet of the gourmand
rElec    .         Reflect  .   (no ring)
rCorr    .         Harm     .   (no ring)
MR       .....                  (no ring)
Stlth    ++........             (no ring)
HPRegen  0.12/turn              (no ring)
MPRegen  0.11/turn              (no ring)
                                (no ring)
                                (no ring)

@: spider-form (expiring), very slightly contaminated
A: tiny, almost no armour, stealthy swim, (amphibious), 8 rings, (constrict 8)
a: End Transformation


You were on level 4 of the Dungeon.
You were not hungry.
You were a venomous arachnid creature.
You visited 1 branch of the dungeon, and saw 5 of its levels.

You collected 141 gold pieces.
You spent 22 gold pieces at shops.

Inventory:

Hand Weapons
 g - a cursed +0 spear
Missiles
 a - 101 arrows
 b - 29 poisoned darts (quivered)
Jewellery
 k - an amulet of the gourmand (around neck)
 q - an uncursed ring of ice
Scrolls
 d - a scroll of amnesia
 e - a scroll of enchant armour
 j - 3 scrolls of remove curse
 l - a scroll of magic mapping {unknown}
 o - a scroll of fear {unknown}
 p - a scroll of enchant weapon {unknown}
Potions
 f - 2 potions of ambrosia
 h - a potion of brilliance {unknown}
 i - a potion of flight {unknown}
 m - a potion of curing {unknown}
 r - 2 potions of might {unknown}
Comestibles
 c - 7 rations


   Skills:
 - Level 1.0 Fighting
 + Level 3.3 Dodging
 + Level 4.4 Unarmed Combat
 - Level 2.0 Spellcasting
 + Level 3.6 Transmutations
 + Level 1.8 Poison Magic


You had 3 spell levels left.
You knew the following spells:

 Your Spells              Type           Power        Failure   Level  Hunger
a - Beastly Appendage     Tmut           ##....       13%         1    #......
b - Sticks to Snakes      Tmut           ##......     17%         2    ###....
c - Spider Form           Tmut/Pois      ##........   38%         3    ###....

Your spell library contained the following spells:

 Spells                   Type           Power        Failure   Level  Hunger
 Ice Form                 Ice/Tmut       #.......     83%         4    #####..
 Blade Hands              Tmut           ##........   89%         5    ######.


Dungeon Overview and Level Annotations

Branches:
Dungeon (5/15)
 Temple: D:4-7

Altars:

Shops:
D:5 ?

Annotations:
D:4 Ijyb


Innate Abilities, Weirdness & Mutations

You cannot wear most types of armour.
You are very stealthy in the water. (Stealth+)
((You are amphibious.))
You can wear up to eight rings at the same time.
((You can use your tentacles to constrict eight enemies at once.))
((Your skin changes colour to match your surroundings (Stealth+).))
((Your rubbery body absorbs attacks. (AC +1, EV +1)))


Message History

Things that are here:
a +0 trident; 2 chunks of flesh; an orc skeleton Ijyb shouts!
Ijyb zaps a wand.
You are blasted!
Ijyb zaps a wand.
You are blasted!
You are too injured to fight recklessly!
You hit Ijyb.
Ijyb is poisoned.
Ijyb is lightly wounded.
Your transformation is almost over.
Ijyb zaps a wand.
You barely resist. You hit Ijyb.
Ijyb looks as sick as possible!
Ijyb is moderately wounded.
You hit Ijyb.
Ijyb is heavily wounded.
Ijyb misses you.
You bite Ijyb!
Ijyb is almost dead.
Ijyb zaps a wand.
You are blasted!
Ouch! That really hurt!
You die...

#..#########..#.# #########.#
#.............#.# #..'....#.#
..#######.>#..#.####..#.88.#.####
......>...###.##....###.88.#.#..#
..##.###### #..########....#....#
#....# #..#......#'####..#.#
#.##.########......####......##.#
..##.#..........g..).......####.#
..........##....s#.....##### #.#
......#.#.........####.###### #.#
.....##.....#..#............###.#
.....###...#...#####[.#####...#.#
....####......## ##..........o#
....###..<.)..# ##########...
....#....##...### ##..
......##.####...### #.#
#..#####.# ###..(## #.#


You could see Ijyb.

Vanquished Creatures
  An orc wizard (D:4)
  4 adders
  An ooze (D:2)
  An adder skeleton (D:4)
  2 worms
  3 dart slugs
  2 leopard geckos (D:5)
  3 orcs (D:4)
  A ball python (D:1)
  2 giant cockroaches
  7 goblins
  6 hobgoblins
  10 jackals
  9 kobolds
  2 quokkas
  6 bats
  6 frilled lizards
  A jackal skeleton (D:4)
  A quokka skeleton (D:4)
  6 rats
74 creatures vanquished.

Vanquished Creatures (collateral kills)
  An ogre (D:4)
  An orc (D:4)
  A bat (D:3)
  3 jackals (D:2)
6 creatures vanquished.

Grand Total: 80 creatures vanquished

Notes
Turn   | Place    | Note
-------+----------+-------------------------------------------
     0 | D:1      | Mesmaeker13 the Octopode Transmuter began the quest for the
                  | Orb.
     0 | D:1      | Reached XP level 1. HP: 13/13 MP: 3/3
   280 | D:1      | Reached XP level 2. HP: 14/18 MP: 3/5
   974 | D:1      | Reached XP level 3. HP: 18/23 MP: 4/6
  1485 | D:2      | Learned a level 2 spell: Sticks to Snakes
  1963 | D:2      | Reached XP level 4. HP: 27/28 MP: 4/7
  2021 | D:2      | Reached skill level 4 in Unarmed Combat
  3074 | D:4      | Learned a level 3 spell: Spider Form
  3091 | D:4      | Noticed an orc warrior
  3471 | D:4      | Reached XP level 5. HP: 19/33 MP: 6/8
  3728 | D:4      | Noticed an ogre
  3746 | D:4      | Killed an ogre
  3746 | D:4      | Reached skill level 1 in Poison Magic
  3786 | D:4      | Noticed Ijyb
  4248 | D:5      | Entered Level 5 of the Dungeon
  4248 | D:5      | Found Asakhifo's Magic Scroll Shop.
  4281 | D:5      | Bought a scroll of identify for 22 gold pieces
  4450 | D:4      | Reached XP level 6. HP: 34/38 MP: 6/9
  4451 | D:4      | Noticed a phantom
  4807 | D:4      | Blown up by Ijyb

Levels and vault maps discovered:
D:1:      ebering_trefoil_twist, layout_basic, grunt_decor_resistance,
          kennysheep_minor_cross
D:2:      layout_basic
D:3:      layout_basic
D:4:      minmay_chambers_of_fours, layout_rooms, uniq_ijyb
D:5:      minmay_thick_lines, layout_cave_pools, first_ration, serial_shops,
          nicolae_shop_statue_plus, shop, kennysheep_little_box,
          nicolae_shop_trees, shop, hangedman_abyss_or_decor_stabs

Skill      XL: |  1  2  3  4  5 |
---------------+----------------+-----
Unarmed Combat | 4 |  4.4
Transmutations | 3 |  3.6
Dodging        | 3 |  3.3
Poison Magic   | 1 |  1.8
Fighting       | |  1.0
Spellcasting   | |  2.0

Action                   |  1- 3 |  4- 6 || total
-------------------------+-------+-------++-------
Melee: Unarmed           |    95 |    72 ||   167
       Constrict         |    22 |    13 ||    35
       Kick              |    19 |    16 ||    35
       Punch             |     3 |     3 ||     6
       Tentacles         |    13 |    11 ||    24
Throw: Dart              |       |    11 ||    11
 Cast: Beastly Appendage |    22 |    18 ||    40
       Sticks to Snakes  |     3 |    10 ||    13
       Spider Form       |       |     3 ||     3
  Use: Scroll            |     1 |     3 ||     4
 Stab: Distracted        |     1 |       ||     1
       Sleeping          |       |     2 ||     2
  Eat: Chunk             |     4 |     9 ||    13
       Ration            |       |     1 ||     1
Armor: Skin              |    18 |     4 ||    22
Dodge: Dodged            |    81 |    56 ||   137
